 Dungeon Crawl Stone Soup version 0.19.5 (webtiles) character file.

471 IceTray the Shield-Bearer (level 6, -9/53 HPs)
             Began as a Minotaur Fighter on Mar 4, 2017.
             Was a Believer of Zin.
             Mangled by Pikel
             ... wielding a +1 whip of electrocution
              (11 damage)
             ... on level 5 of the Dungeon.
             The game lasted 00:20:18 (3389 turns).

IceTray the Shield-Bearer (Minotaur Fighter)        Turns: 3389, Time: 00:20:20

Health: -9/53      AC: 15    Str: 22    XL:     6   Next: 83%
Magic:  5/5        EV:  4    Int:  5    God:    Zin [**....]
Gold:   212        SH: 13    Dex: 10    Spells: 0 memorised, 5 levels left

rFire  . . .     SeeInvis .     a - +0 trident
rCold  . . .     Gourm    .     D - +0 plate armour
rNeg   . . .     Faith    .     c - +0 shield
rPois  .         Spirit   .     (helmet restricted)
rElec  .         Reflect  +     s - +0 cloak
rCorr  .         Harm     .     r - +0 pair of gloves
MR     +....                    (no boots)
Stlth  ..........               i - +3 amulet of reflection
                                A - ring of protection from magic
                                j - ring of stealth

@: no status effects
A: retaliatory headbutt, horns 2
a: Recite, Vitalisation, Donate Gold, Renounce Religion


You were on level 5 of the Dungeon.
You worshipped Zin.
Zin was pleased with you.
You were not hungry.

You visited 1 branch of the dungeon, and saw 5 of its levels.

You collected 235 gold pieces.
You donated 23 gold pieces to Zin.

Inventory:

Hand Weapons
 a - a +0 trident (weapon)
Armour
 c - a +0 shield (worn)
 r - a +0 pair of gloves (worn)
 s - a +0 cloak (worn)
 D - a +0 plate armour (worn)
Jewellery
 i - a +3 amulet of reflection (around neck)
 j - a ring of stealth (left hand)
 o - an uncursed amulet of rage
 y - an uncursed ring of wizardry
 A - a ring of protection from magic (right hand)
Scrolls
 e - 2 scrolls of magic mapping {unknown}
 h - 5 scrolls of identify
 k - 2 scrolls of amnesia {unknown}
 l - 6 scrolls of remove curse
 n - a scroll of fog {unknown}
 t - 4 scrolls of teleportation {unknown}
 C - a scroll of noise {unknown}
Potions
 b - a potion of magic {unknown}
 d - a potion of might
 g - 2 potions of curing {unknown}
 m - a potion of degeneration {unknown}
 p - a potion of mutation {unknown}
 v - a potion of lignification {unknown}
 z - 2 potions of haste {unknown}
 E - a potion of brilliance {unknown}
Books
 x - a book of Cantrips

   Spells                             Type                      Level
   a - Confusing Touch                Hexes                        1
   b - Animate Skeleton               Necromancy                   1
   c - Summon Small Mammal            Summoning                    1
   d - Apportation                    Translocation                1
Comestibles
 f - 4 bread rations
 q - a royal jelly
 u - 2 beef jerkies
 w - a slice of pizza
 B - a meat ration


   Skills:
 + Level 4.7 Fighting
 + Level 5.4 Polearms
 + Level 5.5 Armour
 + Level 5.9 Shields


You had 5 spell levels left.
You didn't know any spells.

Dungeon Overview and Level Annotations

Branches:
Dungeon (5/15)
 Temple: D:4-7

Altars:
Zin

Annotations:
D:5 Pikel


Innate Abilities, Weirdness & Mutations

You reflexively headbutt those who attack you in melee.
You have a pair of horns on your head.


Message History

Pikel is heavily wounded.
You block the slave's attack. x2; Pikel hits you but does no damage.
You are electrocuted!
* * * LOW HITPOINT WARNING * * *
You block the slave's attack.
You miss Pikel.
Pikel is heavily wounded.
You block the slave's attack. x2
Pikel says, "You'll fetch a fair price!"
Pikel hits you with a whip of electrocution.
* * * LOW HITPOINT WARNING * * *
The slave hits you but does no damage.
You closely miss Pikel. Your headbutt misses Pikel.
Pikel is heavily wounded.
You block the slave's attack. The slave hits you but does no damage.
You block the slave's attack.
Pikel hits you with a whip of electrocution.
* * * LOW HITPOINT WARNING * * *
You are electrocuted!
You die...

#.#.....# #.#.....#
## #.#.....#
....###.#.....##
..............<#
#######.#.....##
#........######
..##..Kp....########
#....pp@p...........
.....#####.#........
.... # #.#........
.p.. #. #.#........
p...#.###.#........
....p........).....
K.........#........
....#.#####........
. # #........


You could see Pikel and 4 slaves.

Vanquished Creatures
  A phantom (D:4)
  An ogre (D:4)
  A scorpion (D:4)
  A hound (D:4)
  An iguana (D:4)
  Ijyb (D:2)
  Natasha (twice) (D:2)
  3 adders
  2 oozes (D:1)
  An adder skeleton (D:4)
  A worm (D:2)
  A dart slug (D:1)
  A leopard gecko (D:1)
  4 orcs (D:4)
  12 bats
  3 giant cockroaches
  8 hobgoblins
  4 jackals (D:1)
  4 quokkas
  A ball python (D:1)
  3 frilled lizards (D:2)
  6 goblins
  9 kobolds
  A leopard gecko skeleton (D:4)
  9 rats
81 creatures vanquished.

Notes
Turn   | Place    | Note
-------+----------+-------------------------------------------
     0 | D:1      | IceTray the Minotaur Fighter began the quest for the Orb.
     0 | D:1      | Reached XP level 1. HP: 19/19 MP: 0/0
   186 | D:1      | Reached XP level 2. HP: 27/27 MP: 1/1
   280 | D:1      | Reached XP level 3. HP: 31/33 MP: 2/2
  1039 | D:2      | Noticed Ijyb
  1049 | D:2      | Killed Ijyb
  1111 | D:2      | Reached XP level 4. HP: 39/40 MP: 3/3
  1133 | D:2      | Found a faded altar of an unknown god.
  1559 | D:2      | Found a glowing silver altar of Zin.
  1564 | D:2      | Became a worshipper of Zin the Law-Giver
  1564 | D:2      | Reached * piety under Zin
  1705 | D:2      | Noticed Natasha
  1712 | D:2      | Killed Natasha
  1871 | D:2      | Noticed Natasha
  1880 | D:2      | Killed Natasha
  1880 | D:2      | Reached XP level 5. HP: 43/46 MP: 4/4
  1900 | D:3      | Reached skill level 5 in Shields
  2552 | D:4      | Noticed an ogre
  2572 | D:4      | Killed an ogre
  2572 | D:4      | Reached skill level 5 in Armour
  2766 | D:4      | Reached XP level 6. HP: 43/53 MP: 5/5
  2951 | D:4      | Reached ** piety under Zin
  3214 | D:4      | Reached skill level 5 in Polearms
  3349 | D:5      | Entered Level 5 of the Dungeon
  3365 | D:5      | Noticed a slave
  3366 | D:5      | Noticed Pikel
  3366 | D:5      | Noticed a slave
  3379 | D:5      | Noticed a slave
  3380 | D:5      | Noticed a slave
  3389 | D:5      | HP: 2/53 [Pikel/whip of electrocution (3)]
  3389 | D:5      | Mangled by Pikel

Skill      XL: |  1  2  3  4  5  6 |
---------------+-------------------+-----
Fighting       | 4 |  4.7
Shields        | 4 5 |  5.9
Armour         | 4 5 |  5.5
Polearms       | 3 4 5 |  5.4

Action                   |  1- 3 |  4- 6 || total
-------------------------+-------+-------++-------
Melee: Trident           |    88 |   181 ||   269
       Headbutt          |    14 |    22 ||    36
  Use: Scroll            |     1 |     1 ||     2
  Eat: Chunk             |       |     4 ||     4
       Bread ration      |       |     1 ||     1
Armor: Scale mail        |    37 |    32 ||    69
       Plate armour      |       |    32 ||    32
Dodge: Dodged            |    23 |    26 ||    49
Block: Shield            |    55 |    90 ||   145
